 Dungeon Crawl Stone Soup version 0.25-a0-860-gf695395 (webtiles) character file.

Game seed: 10369844901513548882, levelgen mode: deterministic

58 BlueFish the Insei (level 4, 0/28 HPs)
             Began as an Octopode Transmuter on Apr 28, 2020.
             Succumbed to an adder's poison
             ... on level 1 of the Dungeon.
             The game lasted 00:02:55 (1051 turns).

BlueFish the Insei (Octopode Transmuter)            Turns: 1051, Time: 00:02:56

Health: 0/28       AC:  1    Str: 10    XL:     4   Next: 2%
Magic:  7/7        EV: 13    Int: 15    God:
Gold:   48         SH:  0    Dex: 12    Spells: 1/7 levels left

rFire    . . .     SeeInvis .     - Unarmed
rCold    . . .     Gourm    .   (no shield)
rNeg     . . .     Faith    .   (helmet restricted)
rPois    .         Spirit   .   (no amulet)
rElec    .         Reflect  .   (no ring)
rCorr    .         Harm     .   (no ring)
MR       .....                  (no ring)
Stlth    +++.......             (no ring)
HPRegen  0.09/turn              (no ring)
MPRegen  0.10/turn              (no ring)
                                (no ring)
                                (no ring)

@: lethally poisoned (0 -> -1)
A: almost no armour, stealthy swim, amphibious, 8 rings, constrict 8, camouflage
1, gelatinous body 1
a: no special abilities


You were on level 1 of the Dungeon.
You were hungry.

You visited 1 branch of the dungeon, and saw 2 of its levels.

You collected 48 gold pieces.

Inventory:

Missiles
 a - 12 arrows
Scrolls
 f - 2 scrolls of immolation
 g - a scroll of identify
Comestibles
 b - a chunk of flesh
 c - a ration


   Skills:
 * Level 1.4 Fighting
 * Level 2.2 Dodging
 * Level 1.5 Stealth
 * Level 3.8 Unarmed Combat
 + Level 2.2 Spellcasting
 * Level 2.4 Transmutations
 * Level 0.3 Poison Magic


You had one spell level left.
You knew the following spells:

 Your Spells              Type           Power        Failure   Level  Hunger
a - Beastly Appendage     Tmut           #.....       9%          1    #......
b - Sticks to Snakes      Tmut           #.......     12%         2    ###....
c - Spider Form           Tmut/Pois      #.........   36%         3    ###....

Your spell library contained the following spells:

 Spells                   Type           Power        Failure   Level  Hunger
 Ice Form                 Ice/Tmut       #.......     78%         4    #####..
 Blade Hands              Tmut           #.........   92%         5    ######.


Dungeon Overview and Level Annotations

Branches:
Dungeon (2/15)

Altars:


Innate Abilities, Weirdness & Mutations

You cannot wear most types of armour.
You are very stealthy in the water. (Stealth+)
You are amphibious.
You can wear up to eight rings at the same time.
You can use your tentacles to constrict eight enemies at once.
Your skin changes colour to match your surroundings (Stealth+).
Your rubbery body absorbs attacks. (AC +1, EV +1)


Message History

The giant cockroach closely misses you. The giant cockroach bites you.
* * * LOW HITPOINT WARNING * * *
You barely miss the kobold. You grab the kobold. You constrict the kobold.
You feel sick. The frilled lizard closely misses you.
The kobold completely misses you. The giant cockroach bites you.
* * * LOW HITPOINT WARNING * * *
You release your grip on the kobold.
The giant cockroach misses you.
There is a stone staircase leading up here.
Your tentacle spike disappears.
You feel sick. The giant cockroach misses you. The frilled lizard bites you.
* * * LOW HITPOINT WARNING * * *
You climb upwards.
There is a stone staircase leading down here.
The giant cockroach closely misses you.
You aren't carrying any potions.
As you read the scroll of fear, it crumbles to dust.
You assume a fearsome visage.
The frilled lizard looks frightened!
The giant cockroach looks frightened!
You die...

#.####......#.#.# #.# #.#
#.####.#.#.# ###.# #.# #.#
#.#.#.######...#
#.####.####............[..
#.............#.#####...##
###.##.#####..#.### #...##
#.##...l....#...# #...##
#.##...s##..###.# #...##
#.#####@###.# #.# #...##
#.# #.# #.###.###..### #.#
#.# #............. #.# #.#
#####.###..### #.#
###.####.........### #.#
#.....##.##.#.....## #.#
#.....##.##.........
#.###........##.#.....##
#.........#####.##...###


You could see a giant cockroach (fleeing) and a frilled lizard (fleeing).

Vanquished Creatures
  A gnoll (D:1)
  An adder (D:2)
  An ooze (D:1)
  2 dart slugs (D:1)
  A leopard gecko (D:1)
  4 giant cockroaches
  A goblin (D:2)
  2 hobgoblins (D:1)
  4 jackals (D:1)
  5 kobolds
  3 bats
  2 frilled lizards (D:1)
  4 rats (D:1)
31 creatures vanquished.

Notes
Turn   | Place    | Note
-------+----------+-------------------------------------------
     0 | D:1      | BlueFish the Octopode Transmuter began the quest for the
                  | Orb.
     0 | D:1      | Reached XP level 1. HP: 13/13 MP: 3/3
   112 | D:1      | Reached XP level 2. HP: 17/18 MP: 3/5
   215 | D:1      | Reached skill level 1 in Stealth
   427 | D:1      | Reached XP level 3. HP: 10/23 MP: 6/6
  1010 | D:1      | Learned a level 2 spell: Sticks to Snakes
  1014 | D:1      | Learned a level 3 spell: Spider Form
  1043 | D:2      | Reached XP level 4. HP: 7/28 MP: 7/7
  1048 | D:2      | HP: 1/28 [frilled lizard (2)]
  1051 | D:1      | Succumbed to an adder's poison

Levels and vault maps discovered:
D:1:      elethiomel_arrival_shortcut, layout_loops_ring
D:2:      layout_rooms, st_stairs_10, chequers_jeans

Skill      XL: |  1  2 |
---------------+-------+-----
Stealth        | 1 |  1.5
Fighting       | |  1.4
Dodging        | |  2.2
Unarmed Combat | |  3.8
Spellcasting   | |  2.2
Transmutations | |  2.4
Poison Magic   | |  0.3

Action                   |  1- 3 |  4- 6 || total
-------------------------+-------+-------++-------
Melee: Unarmed           |    78 |     1 ||    79
       Constrict         |    22 |     1 ||    23
       Tentacles         |    11 |       ||    11
       Kick              |     8 |       ||     8
       Punch             |     1 |       ||     1
 Cast: Beastly Appendage |     7 |       ||     7
  Use: Scroll            |     4 |     1 ||     5
 Stab: Sleeping          |     5 |       ||     5
Armor: Skin              |     7 |       ||     7
Dodge: Dodged            |    62 |     6 ||    68

Table legend:
 A = Non-vault XP
 B = Vault XP
 C = Vault XP percentage of total XP
 D = Non-vault monster count
 E = Vault monster count
 F = Vault count percentage of total count
                 A         B        C        D         E       F
            +---------+---------+-------+---------+---------+-------
      Total |      82 |       2 |   2.4 |      30 |       1 |   3.2
            +---------+---------+-------+---------+---------+-------
        D:1 |      65 |       0 |   0.0 |      26 |       0 |   0.0
        D:2 |      17 |       2 |  10.5 |       4 |       1 |  20.0
            +---------+---------+-------+---------+---------+-------
